Map: [ESL] Cosmic Sapphire

Players

Clem

  • Race: Terran Terran
  • Spawn Location: 11:00

Reynor - Winner!

  • Race: Zerg Zerg
  • Spawn Location: 5:00

Event: DreamHack SC2 Masters 2022 Atlanta (Online)

VOD

Have the link to the VOD?

Description

Time

  • Played on: Oct. 16, 2022, 1:20 p.m.
  • Length: 12:55

All games in this series

Show
View Real Time Build Order
Export as new Build Order

Clem Terran 

Build Orders: Hellion Opening, Reaper Expand 

Get SALT Encoding   

  12  0:00  SCV  
  13  0:12  SCV  
  14  0:16  Supply Depot  
  14  0:24  SCV  
  15  0:38  SCV  
  15  0:39  Barracks  
  15  0:42  Refinery  
  16  0:50  SCV  
  17  1:02  SCV  
  18  1:14  SCV  
  19  1:26  Reaper, Orbital Command  
  20  1:38  Command Center  
  20  1:46  Supply Depot  
  20  1:52  SCV  
  21  1:58  Marine  
  22  2:04  SCV  
  23  2:10  Factory  
  23  2:16  SCV  
  23  2:20  Barracks Reactor  
  24  2:28  SCV  
  25  2:38  Command Center  
  25  2:41  SCV  
  26  2:50  Orbital Command  
  26  2:53  SCV  
  26  2:58  Starport  
  27  3:04  Refinery  
  27  3:06  SCV  
  27  3:09  Hellion  
  30  3:13  Hellion  
  30  3:16  SCV  
  30  3:19  SCV  
  34  3:21  Barracks Tech Lab  
  34  3:28  SCV  
  34  3:31  Hellion, SCV  
  38  3:34  Hellion  
  38  3:37  Viking  
  38  3:40  SCV  
  43  3:43  SCV  
  44  3:49  Orbital Command  
  44  3:52  SCV  
  44  3:55  Hellion, SCV  
  47  3:58  Hellion  
  50  4:03  Supply Depot  
  50  4:04  SCV  
  50  4:07  SCV, Medivac  
  54  4:17  SCV x2  
  56  4:19  Armory  
  56  4:20  Hellion  
  56  4:23  Hellion  
  60  4:25  SCV  
  60  4:27  Supply Depot  
  60  4:29  SCV, Stimpack  
  60  4:31  SCV  
  63  4:35  Barracks  
  63  4:39  Barracks  
  63  4:41  SCV x2  
  63  4:42  Orbital Command  
  65  4:53  SCV x2  
  65  4:55  Starport Reactor  
  65  4:56  Marine  
  65  4:57  Engineering Bay  
  65  4:58  Refinery  
  65  4:59  Engineering Bay  
  68  5:03  Supply Depot  
  68  5:05  SCV x2, Factory Reactor, Refinery  
  69  5:11  SCV  
  70  5:14  Marine  
  70  5:17  SCV x2  
  70  5:20  Barracks  
  70  5:21  Barracks  
  73  5:24  SCV  
  74  5:29  SCV x2, Terran Infantry Weapons Level 1  
  74  5:31  Terran Infantry Armor Level 1  
  74  5:32  Marine  
  75  5:35  Marine x2  
  75  5:36  SCV  
  75  5:41  SCV  
  69  5:43  SCV  
  69  5:47  Supply Depot  
  69  5:48  SCV  
  69  5:49  Factory Reactor  
  71  5:50  Marine  
  71  5:52  Medivac x2  
  71  5:53  SCV  
  71  5:54  Supply Depot  
  71  5:56  SCV  
  78  6:00  SCV  
  78  6:01  Marine  
  80  6:05  SCV  
  80  6:08  Supply Depot, Barracks Reactor x2, SCV  
  80  6:09  Marine  
  83  6:12  SCV  
  83  6:15  Bunker  
  83  6:17  Marine x3  
  83  6:18  SCV  
  88  6:19  Factory, Marine  
  88  6:20  Combat Shield  
  88  6:22  SCV  
  88  6:24  SCV  
  88  6:25  Refinery  
  91  6:27  Marine  
  91  6:28  Supply Depot, Widow Mine x2  
  91  6:30  SCV  
  97  6:35  Marine  
  97  6:36  Marine x2  
  97  6:37  Supply Depot, Marine  
  97  6:38  Medivac  
  103  6:44  Marine  
  103  6:46  SCV x2  
  106  6:47  Refinery, Marine x2, SCV  
  106  6:48  Command Center  
  106  6:49  Marine  
  106  6:50  Marine  
  106  6:52  Marine  
  106  6:53  Widow Mine x2  
  116  6:58  Terran Vehicle And Ship Armor Level 1  
  116  6:59  Supply Depot, Medivac  
  118  7:03  Factory Tech Lab  
  118  7:04  Marine  
  118  7:05  Marine x2  
  121  7:12  Marine x4  
  125  7:19  Supply Depot  
  125  7:20  Supply Depot  
  125  7:21  Medivac, Widow Mine x2, Marine x2  
  133  7:23  Drilling Claws  
  133  7:36  Supply Depot  
  133  7:37  Supply Depot, Marine  
  133  7:41  SCV x2, Widow Mine, Marine x4  
  133  7:42  Medivac, Terran Infantry Armor Level 2, Marine x3  
  133  7:43  Widow Mine  
  148  7:44  Marine  
  148  7:50  Widow Mine  
  149  7:53  Supply Depot  
  149  7:57  Terran Infantry Weapons Level 2, Marine  
  149  7:58  SCV, Marine x4  
  151  7:59  Marine  
  151  8:00  SCV, Marine  
  151  8:03  Widow Mine  
  151  8:04  Widow Mine  
  154  8:05  Orbital Command  
  154  8:06  Marine  
  154  8:07  Sensor Tower  
  154  8:12  Widow Mine  
  155  8:13  Medivac  
  155  8:18  SCV  
  139  8:21  SCV  
  139  8:23  Marine  
  139  8:24  Widow Mine  
  139  8:25  Widow Mine  
  134  8:30  SCV  
  134  8:33  SCV, Widow Mine, Marine  
  139  8:34  Marine x2  
  139  8:35  SCV  
  139  8:40  Marine x2  
  134  8:42  SCV  
  134  8:45  Widow Mine, Planetary Fortress  
  134  8:46  SCV  
  134  8:47  Widow Mine  
  134  8:48  SCV  
  134  8:49  Marine x2  
  134  8:51  Marine  
  134  8:52  Marine  
  134  8:54  SCV, Widow Mine  
  133  8:58  SCV  
  133  8:59  Medivac  
  133  9:00  SCV  
  133  9:02  Medivac  
  139  9:06  SCV, Marine  
  139  9:07  Widow Mine  
  139  9:08  Widow Mine, Marine x2  
  146  9:10  SCV  
  146  9:12  SCV  
  146  9:14  Marine x3  
  148  9:17  Widow Mine  
  148  9:19  SCV  
  148  9:22  SCV  
  148  9:23  Marine x2  
  150  9:24  SCV  
  150  9:25  Marine  
  150  9:26  Marine  
  150  9:28  SCV, Widow Mine  
  150  9:29  Medivac  
  150  9:30  Widow Mine  
  150  9:31  SCV  
  137  9:32  Medivac  
  137  9:33  Marine x2  
  137  9:34  SCV  
  137  9:35  Marine  
  137  9:38  Widow Mine, Marine x2  
  143  9:41  SCV, Marine x2  
  143  9:43  Marine  
  143  9:45  Marine  
  150  9:49  Widow Mine  
  150  9:52  Widow Mine  
  154  9:55  SCV x3  
  154  9:56  Barracks  
  154  9:57  SCV, Barracks  
  154  9:58  Barracks, Marine, Refinery  
  159  10:04  Widow Mine  
  159  10:06  Sensor Tower, Marine x3  
  159  10:07  SCV x2, Marine  
  155  10:09  Marine  
  155  10:12  Widow Mine, Marine  
  162  10:15  Terran Infantry Weapons Level 3  
  162  10:16  Marine  
  162  10:21  Widow Mine, Marine  
  163  10:22  Marine  
  163  10:24  Marine  
  163  10:27  Medivac x2  
  163  10:28  Widow Mine, Marine x2  
  169  10:29  Marine x2  
  169  10:30  Marine  
  169  10:33  Marine  
  170  10:38  Widow Mine  
  168  10:45  Widow Mine, Barracks Tech Lab x2, Marine  
  168  10:46  Barracks Tech Lab, Marauder, Marine x2  
  168  10:48  Marine  
  168  10:49  Marine  
  177  10:52  Command Center  
  177  10:58  Widow Mine  
  177  10:59  Command Center  
  168  11:07  Marauder  
  168  11:08  Marauder, Marine x2  
  168  11:09  Marauder, Marine  
  168  11:13  Refinery  
  168  11:14  Sensor Tower  
  168  11:18  Widow Mine  
  158  11:19  Marine x2  
  158  11:24  Marine x3  
  136  11:27  Widow Mine  
  136  11:29  Marauder  
  136  11:30  Marine x2  
  136  11:31  SCV, Widow Mine, Marauder  
  132  11:34  SCV x2  
  132  11:39  SCV  
  118  11:43  SCV, Marauder, Marine x7  
  118  11:46  SCV x2  
  129  11:47  Widow Mine  
  129  11:48  Marine  
  129  11:49  Marine x2  
  129  11:51  SCV  
  129  11:52  Marine  
  136  11:54  Widow Mine  
  136  11:55  Widow Mine  
  136  11:56  Medivac  
  136  11:57  Medivac  
  136  11:59  SCV  
  145  12:06  Marine  
  145  12:07  Marine x4  
  150  12:09  Widow Mine  
  150  12:10  Marauder, Marine  
  150  12:11  SCV  
  150  12:12  Marine  
  150  12:16  Widow Mine x2  
  150  12:17  SCV  
  150  12:19  Marine x2  
  150  12:20  SCV x2  
  143  12:23  SCV  
  143  12:27  Bunker  
  143  12:28  Marine x4  
  143  12:29  Marine x3  
  151  12:30  Widow Mine  
  151  12:35  Sensor Tower  
Show
View Real Time Build Order
Export as new Build Order

Reynor Zerg - Winner!

Build Orders: Hatch First 

Get SALT Encoding   

  12  0:00  Drone  
  13  0:12  Overlord  
  13  0:16  Drone  
  14  0:30  Drone x2  
  16  0:47  Hatchery  
  15  0:50  Drone  
  15  0:53  Drone  
  17  0:57  Drone  
  18  1:07  Extractor  
  17  1:12  Spawning Pool  
  17  1:15  Drone  
  17  1:19  Drone  
  18  1:27  Drone  
  19  1:38  Drone  
  20  1:49  Overlord  
  20  1:58  Queen x2  
  20  1:59  Zergling x2  
  20  2:00  Zergling x2  
  26  2:09  Drone  
  26  2:10  Drone  
  28  2:21  Drone x2  
  30  2:27  Hatchery  
  29  2:33  Drone x2  
  30  2:38  Metabolic Boost  
  30  2:41  Drone  
  31  2:45  Drone  
  31  2:48  Queen  
  34  2:53  Overlord  
  34  2:55  Drone  
  35  3:03  Overlord  
  35  3:11  Queen, Drone  
  35  3:12  Drone x2  
  40  3:13  Drone  
  40  3:17  Overlord  
  41  3:22  Drone  
  41  3:24  Drone  
  41  3:26  Queen  
  45  3:32  Drone  
  46  3:36  Drone  
  46  3:39  Queen  
  46  3:41  Drone  
  50  3:43  Zergling x2  
  50  3:46  Drone  
  52  3:48  Queen  
  52  3:51  Overlord  
  52  3:54  Drone  
  55  3:56  Drone  
  55  4:00  Drone x3  
  55  4:01  Drone  
  60  4:06  Queen, Overlord  
  60  4:08  Zergling x2  
  63  4:11  Overlord  
  63  4:15  Queen  
  65  4:23  Overlord  
  65  4:25  Drone x4  
  65  4:26  Drone  
  65  4:27  Drone  
  71  4:34  Zergling x2  
  71  4:36  Zergling x2  
  73  4:39  Evolution Chamber x2  
  73  4:40  Drone x3, Extractor  
  73  4:43  Drone  
  74  4:46  Zergling x2  
  74  4:47  Zergling x4  
  74  4:48  Overlord  
  77  4:55  Spore Crawler, Drone x2  
  77  4:56  Spore Crawler, Drone  
  77  4:59  Drone  
  80  5:00  Drone x2  
  80  5:04  Overlord  
  81  5:10  Drone x2  
  81  5:13  Zergling x2  
  84  5:15  Drone  
  84  5:16  Zerg Ground Armor Level 1, Hatchery  
  84  5:24  Queen  
  86  5:30  Drone  
  86  5:31  Drone x2  
  86  5:32  Drone x2  
  86  5:33  Drone  
  86  5:34  Overlord  
  89  5:37  Drone  
  89  5:38  Drone  
  89  5:39  Drone  
  88  5:44  Lair  
  88  5:46  Extractor  
  88  5:47  Drone  
  88  5:48  Drone  
  89  5:56  Drone x6  
  95  5:58  Extractor  
  95  6:01  Zerg Melee Weapons Level 1  
  95  6:03  Baneling Nest, Drone, Extractor  
  93  6:04  Drone, Extractor  
  93  6:06  Drone  
  94  6:14  Drone x3  
  94  6:15  Drone  
  94  6:17  Overlord  
  98  6:19  Spore Crawler  
  98  6:20  Drone x4  
  98  6:22  Zergling x2  
  102  6:26  Zergling x2  
  103  6:33  Zergling x2  
  103  6:34  Zergling x10  
  109  6:40  Overlord  
  109  6:42  Zergling x4  
  109  6:43  Zergling x6, Hatchery  
  109  6:46  Queen  
  109  6:47  Centrifugal Hooks  
  115  6:48  Zergling x6  
  115  6:50  Zergling x2  
  115  6:52  Overlord  
  119  6:55  Baneling  
  119  6:56  Baneling x7  
  119  6:58  Drone x2  
  119  6:59  Drone  
  119  7:00  Drone x2  
  124  7:02  Drone x2  
  124  7:04  Drone  
  124  7:05  Drone  
  128  7:08  Overlord  
  128  7:12  Drone x2  
  128  7:13  Zerg Ground Armor Level 2  
  128  7:14  Overlord  
  130  7:17  Hydralisk Den  
  130  7:18  Drone x2  
  130  7:19  Drone x2  
  130  7:20  Zergling x2  
  130  7:21  Zergling x4  
  136  7:23  Overlord  
  136  7:24  Pneumatized Carapace  
  136  7:28  Zergling x6  
  138  7:30  Overseer  
  138  7:33  Zergling x2  
  138  7:34  Zergling x2  
  138  7:36  Zergling x2  
  141  7:38  Baneling x7  
  141  7:39  Hatchery  
  141  7:41  Zergling x12  
  146  7:50  Zergling x12  
  152  7:52  Baneling x9  
  152  7:53  Baneling x3  
  152  7:55  Overlord  
  152  7:57  Baneling x4  
  145  8:06  Hydralisk x6  
  145  8:10  Zergling x8  
  145  8:11  Zergling x2  
  156  8:13  Hydralisk  
  156  8:14  Zergling x10  
  155  8:20  Zergling x8, Hydralisk  
  155  8:21  Hydralisk  
  155  8:26  Zerg Melee Weapons Level 2  
  161  8:28  Zergling x4  
  161  8:33  Zergling x8  
  167  8:35  Hydralisk  
  167  8:37  Overlord  
  167  8:40  Zergling x4  
  166  8:43  Queen  
  166  8:47  Zergling x10  
  162  8:49  Overseer  
  162  8:51  Zergling x4  
  162  8:54  Zergling x2  
  159  8:55  Zergling x2  
  159  8:56  Infestation Pit  
  159  8:57  Muscular Augments  
  159  8:58  Zergling x8  
  159  9:01  Drone x4  
  167  9:03  Zergling x6  
  167  9:04  Baneling x11  
  167  9:05  Zergling x4, Baneling  
  167  9:06  Unknown  
  167  9:08  Overlord  
  171  9:12  Zergling x8  
  171  9:14  Zergling x8  
  166  9:20  Baneling x4  
  166  9:21  Baneling  
  166  9:22  Zergling x2, Overseer  
  166  9:23  Zergling x6  
  166  9:27  Zergling x8  
  166  9:28  Zergling x2  
  167  9:34  Zergling x2  
  167  9:35  Zergling x16  
  169  9:38  Zergling x2  
  169  9:40  Hive  
  169  9:43  Zergling x8  
  169  9:45  Baneling x10  
  174  9:47  Zergling x6  
  174  9:50  Zergling x6  
  180  9:54  Overseer  
  180  9:55  Overlord  
  180  9:58  Spine Crawler  
  180  9:59  Spore Crawler  
  178  10:05  Baneling x11  
  178  10:06  Drone x2  
  180  10:13  Zergling x16  
  188  10:15  Baneling x11  
  188  10:16  Baneling x3, Overseer  
  185  10:22  Zergling x8  
  185  10:23  Overlord x3  
  185  10:24  Overseer  
  187  10:29  Zergling x4  
  187  10:30  Zergling x18  
  183  10:38  Drone  
  183  10:39  Zergling x12, Drone x2  
  188  10:43  Baneling x7  
  188  10:48  Zergling x2  
  188  10:49  Zergling x22  
  200  11:00  Viper  
  185  11:05  Zergling x24  
  196  11:15  Zergling x18  
  196  11:18  Zergling x8  
  191  11:22  Zergling x2  
  191  11:23  Zergling x4, Hydralisk  
  191  11:25  Zergling x4  
  183  11:27  Zergling x4  
  183  11:28  Zergling x2  
  183  11:30  Zergling x4  
  177  11:35  Viper x3  
  177  11:38  Zergling x6  
  177  11:40  Zergling x6  
  177  11:45  Baneling x10  
  177  11:46  Zergling x10  
  185  11:49  Drone x3  
  185  11:54  Zergling x12, Spine Crawler  
  190  11:55  Spore Crawler  
  190  11:56  Zergling x6  
  195  12:03  Baneling  
  195  12:04  Baneling x12  
  195  12:06  Zergling x10  
  187  12:17  Zergling x20, Hydralisk  
  187  12:18  Zergling x4  
  187  12:24  Zergling x12  
  187  12:25  Baneling x8  
  187  12:27  Zergling x2  
  187  12:28  Zergling x6  
  187  12:29  Zergling x4  
  198  12:34  Zergling x4  
  200  12:38  Overseer  
Tags
 
Add a new tag
Caveats
  • Supply blocks, unpowered buildings, or Contaminate may cause inaccurate times.
  • Supply counts are checked every 10 seconds.